 Dungeon Crawl Stone Soup version 0.30.1-4-g462c640d31 (webtiles) character file.

Game seed: 720113663500842287

219 LizardBrain the Cudgeller (level 6, 0/48 HPs)
             Began as a Human Chaos Knight on Sept 10, 2023.
             Was a Plaything of Xom.
             Slain by an orc wizard
             ... wielding a +0 dagger
              (2 damage)
             ... on level 8 of the Dungeon.
             The game lasted 00:06:04 (1089 turns).

LizardBrain the Cudgeller (Human Chaos Knight)      Turns: 1089, Time: 00:06:04

Health: 0/48       AC:  3    Str: 14    XL:     6   Next: 18%
Magic:  6/6        EV: 11    Int: 13    God:    Xom [....*.]
Gold:   150        SH:  4    Dex: 12    Spells: 5/5 levels left

rFire   + . .        a - +0 mace (chaos)
rCold   . . .        (no shield)
rNeg    . . .        b - +2 leather armour
rPois   .            (no helmet)
rElec   .            (no cloak)
rCorr   .            (no gloves)
SInv    .            (no boots)
Will    .....        (no amulet)
Stlth   +            h - ring of protection from fire
HPRegen 0.28/turn    (no ring)
MPRegen 0.10/turn

%: no passive effects
@: mighty
A: talons 1, large bone plates 1, deformed body, teleportitis 1, MP-powered
wands
a: Renounce Religion


You were on level 8 of the Dungeon.
You worshipped Xom.
You were a beloved toy of Xom.
You visited 1 branch of the dungeon, and saw 6 of its levels.

You collected 150 gold pieces.

Inventory:

Hand Weapons
 a - a +0 mace of chaos (weapon)
Armour
 b - a +2 leather armour (worn)
 g - a +0 ring mail
Magical Staves
 f - a staff of fire
Jewellery
 h - a ring of protection from fire (left hand)
Scrolls
 d - a scroll of fear {unknown}
 i - a scroll of enchant armour {unknown}
Potions
 e - 2 potions of heal wounds {unknown}
 j - a potion of magic {unknown}
Miscellaneous
 c - a piece from Xom's chessboard (15/15) (quivered)


   Skills:
 + Level 4.1 Fighting
 + Level 4.6 Maces & Flails
 + Level 3.1 Armour
 + Level 2.1 Dodging
 + Level 0.2 Stealth


You had 5 spell levels left.
You didn't know any spells.
Your spell library contained the following spells:

 Spells                   Type           Power      Damage    Failure   Level
 Blink                    Tloc           0%         N/A       50%         2
 Ensorcelled Hibernation  Hex/Ice        0%         N/A       50%         2
 Lesser Beckoning         Tloc           0%         N/A       50%         2
 Momentum Strike          Conj/Tloc      0%         3d8       50%         2
 Passwall                 Tmut/Erth      0%         N/A       50%         2
 Swiftness                Air            0%         N/A       75%         3


Dungeon Overview and Level Annotations

Branches:
Dungeon (5/15)
 Temple: D:4-7

Altars:
Kikubaaqudgha
Xom
Yredelemnul


Innate Abilities, Weirdness & Mutations

You have sharp toenails.
You are partially covered in large bone plates. (SH +4)
Armour fits poorly on your strangely shaped body.
You are occasionally teleported next to monsters.
You expend magic power (3 MP) to strengthen your wands.


Message History

Something hits you but does no damage.
The centaur unwields a +0 shortbow.
The centaur closely misses your butterfly.
The centaur kicks your butterfly.
Your butterfly dies!
Your butterfly disappears in a puff of smoke!
The orc wizard gestures at you while chanting.
Your butterfly resists with significant effort.
The centaur closely misses your butterfly.
The centaur kicks your butterfly.
Your butterfly dies!
Your butterfly disappears in a puff of smoke!
The orc wizard points at you and mumbles some strange words.
The puff of flame hits something!
You miss something. "Go forth and cause havoc, mortal!"
You feel very mighty all of a sudden.
An orc wizard appears from thin air!
Reactivating autopickup.
The orc wizard hits you but does no damage.
The orc wizard hits you with a +0 dagger.
* * * LOW HITPOINT WARNING * * *
Unknown command.
Unknown command.
The orc wizard attacks as you move away!
The orc wizard barely misses you.
The orc wizard gestures at you while chanting.
The magic dart hits you.
* * * LOW HITPOINT WARNING * * *
You sock the orc wizard!
You kill the orc wizard! "Serve the mortal, my child!"
The orc wizard points at you and mumbles some strange words.
The magic dart hits you.
* * * LOW HITPOINT WARNING * * *
The orc wizard hits you but does no damage.
Things that are here:
a +0 dagger; a +0 robe; an orc corpse The orc wizard hits you with a +0 dagger.
You die...
Xom roars with laughter!

..... ...# #...#
#..# #...# #..#
#...# #..# .#+##
#...# #..#
.....####...####..#
........#.........#
........#.#.####..#
.......<'.....co@.#
........#.#.####).#
..o.....ยง...#
#.5......#
.......c#.###
#...#.####
.....o..#.# #.....#
........### #...###
#.......# #...#
#.......# #...#
#.......# #...#


You could see a centaur, an orc wizard (ally target) and a friendly iron imp
(summoned).

Vanquished Creatures
  A scorpion (D:4)
  2 hounds (D:5)
  Jessica (D:3)
  An iguana (D:5)
  An orc wizard (D:8)
  An adder (D:5)
  A river rat (D:4)
  A dart slug (D:2)
  2 orcs
  3 ball pythons
  2 bats
  2 endoplasms (D:2)
  2 giant cockroaches
  3 goblins
  2 hobgoblins
  2 quokkas
  2 kobolds
  2 rats (D:2)
31 creatures vanquished.

Notes
Turn   | Place    | Note
-------+----------+-------------------------------------------
     0 | D:1      | LizardBrain the Human Chaos Knight began the quest for the
                  | Orb.
     0 | D:1      | Reached XP level 1. HP: 18/18 MP: 1/1
   106 | D:2      | Reached XP level 2. HP: 24/24 MP: 2/2
   272 | D:2      | XOM: silly message
   340 | D:2      | Found an ancient bone altar of Kikubaaqudgha.
   375 | D:3      | Noticed Jessica
   375 | D:3      | XOM: potion effect (berserk rage)
   382 | D:3      | Killed Jessica
   383 | D:3      | Reached XP level 3. HP: 24/29 MP: 3/3
   495 | D:3      | Reached XP level 4. HP: 33/36 MP: 4/4
   714 | D:4      | XOM: silly message
   748 | D:4      | XOM is BORED!
   748 | D:4      | XOM: polymorph kobold -> river rat
   754 | D:4      | Noticed a scorpion
   761 | D:4      | Killed a scorpion
   762 | D:4      | Reached XP level 5. HP: 28/42 MP: 5/5
   934 | D:5      | Entered Level 5 of the Dungeon
   935 | D:5      | XOM: give mutations
   935 | D:5      | Gained mutation: You are partially covered in large bone
                  | plates. (SH +4) [Xom's mischief]
   935 | D:5      | Gained mutation: You have hidden genetic defects. [Xom's
                  | mischief]
   935 | D:5      | Gained mutation: You have sharp toenails. [Xom's mischief]
   935 | D:5      | Gained mutation: You expend magic power (3 MP) to
                  | strengthen your wands. [Xom's mischief]
   941 | D:5      | Found a basalt altar of Yredelemnul.
   962 | D:5      | Gained mutation: Armour fits poorly on your strangely
                  | shaped body. [hidden defects]
   972 | D:5      | Gained mutation: You are occasionally teleported next to
                  | monsters. [hidden defects]
   972 | D:5      | Lost mutation: You have hidden genetic defects. [hidden
                  | defects expressed]
   988 | D:5      | Found a shimmering altar of Xom.
  1044 | D:5      | Reached XP level 6. HP: 37/48 MP: 6/6
  1045 | D:5      | You fall into a shaft and drop 3 floors!
  1063 | D:8      | XOM: confusion (+ monsters)
  1074 | D:8      | XOM: enchant monster (good)
  1074 | D:8      | XOM: butterfly on damage
  1083 | D:8      | XOM: potion effect (might)
  1087 | D:8      | XOM: summons friendly iron imp
  1087 | D:8      | HP: 2/48 [orc wizard/magic dart (5)]
  1089 | D:8      | Slain by an orc wizard

Illustrated notes

Levels and vault maps discovered:
D:1:      lemuel_arrival_muddy, layout_basic, chequers_ecumenical_altar_lobes
D:2:      layout_basic, basic_altar, corexii_shack
D:3:      cheibrodos_helix_gallery, layout_loops_corners, uniq_jessica,
          uniq_terence
D:4:      layout_cave_pods, minmay_misc_feat_tower, uniq_blork_the_orc
D:5:      layout_rooms, xom_teletrap_fun, mainiacjoe_overflow_six_doors_small
D:8:      layout_basic, lair_entry_dummy

Skill      XL: |  1  2  3  4  5 |
---------------+----------------+-----
Fighting       | 4 |  4.1
Maces & Flails | 4 |  4.6
Armour         | 3 |  3.1
Dodging        | 2 |  2.1
Stealth        | |  0.2

Action                     |  1- 3 |  4- 6 || total
---------------------------+-------+-------++-------
  Melee: Mace              |    66 |    51 ||   117
         Kick              |       |     6 ||     6
   Stab: Paralysed         |       |     2 ||     2
 Armour: Leather armour    |    28 |    18 ||    46
  Dodge: Dodged            |    34 |    35 ||    69
  Block: Other             |       |     5 ||     5
